 Dungeon Crawl Stone Soup version 0.23.0 (webtiles) character file.

Game seed: 7057820058034850082

3226 inmateoo the Martial Artist (level 9, -4/81 HPs)
             Began as a Gnoll Transmuter on Feb 10, 2019.
             Was an Elder of Cheibriados.
             Slain by a hellwing (14 damage)
             ... on level 8 of the Dungeon.
             The game lasted 00:09:34 (7136 turns).

inmateoo the Martial Artist (Gnoll Transmuter)      Turns: 7136, Time: 00:09:35

Health: -4/81      AC:  7    Str: 21    XL:     9   Next: 98%
Magic:  12/19      EV: 15    Int: 33    God:    Cheibriados [****..]
Gold:   504        SH:  0    Dex: 24    Spells: 6/21 levels left

rFire    x . .     SeeInvis .     - Unarmed
rCold    + + +     Gourm    .   (shield currently unavailable)
rNeg     . . .     Faith    .   (armour currently unavailable)
rPois    +         Spirit   .   (helmet currently unavailable)
rElec    .         Reflect  .   (cloak currently unavailable)
rCorr    .         Harm     .   (gloves currently unavailable)
MR       .....                  (boots currently unavailable)
Stlth    +++.......             (no amulet)
HPRegen  0.23/turn              n - +4 ring of slaying (curse)
MPRegen  0.16/turn              r - +4 ring of intelligence

@: ice-form, very slow
A: large, distributed training, strong nose
a: End Transformation, Bend Time, Temporal Distortion, Slouch, Renounce Religion


You were on level 8 of the Dungeon.
You worshipped Cheibriados.
Cheibriados was greatly pleased with you.
You were not hungry.
You were a creature of crystalline ice.
You visited 2 branches of the dungeon, and saw 9 of its levels.

You collected 504 gold pieces.

Inventory:

Hand Weapons
 E - the cursed +0 dagger of Pandemonium (melded) {elec, MR+ Str+2}
   (You found it on level 6 of the Dungeon)

   Occasionally, upon striking a foe, it will discharge some electrical energy
   and cause terrible harm.
   It affects your strength (+2).
   It affects your resistance to hostile enchantments.
   It has a curse placed upon it.
Missiles
 a - 180 arrows
 D - 7 tomahawks of dispersal (quivered)
Armour
 v - a +2 robe of positive energy (melded)
 C - a +0 cloak (melded)
Jewellery
 n - a cursed +4 ring of slaying (left front paw)
 r - a +4 ring of intelligence (right front paw)
Wands
 l - a wand of flame (19)
 A - a wand of paralysis (9)
Scrolls
 b - a scroll of acquirement {unknown}
 e - 3 scrolls of teleportation {unknown}
 f - 4 scrolls of magic mapping {unknown}
 g - 7 scrolls of remove curse {unknown}
 h - 5 scrolls of identify
 m - 3 scrolls of amnesia {unknown}
 o - a scroll of blinking {unknown}
 p - a scroll of immolation {unknown}
 t - 2 scrolls of enchant armour {unknown}
 w - a scroll of enchant weapon {unknown}
 y - a scroll of random uselessness {unknown}
 G - a scroll of fog {unknown}
 H - a scroll of vulnerability {unknown}
Potions
 c - 2 potions of heal wounds
 i - a potion of lignification {unknown}
 j - 2 potions of might
 k - a potion of cancellation {unknown}
 q - a potion of agility {unknown}
 s - a potion of berserk rage {unknown}
 u - a potion of flight {unknown}
 x - 4 potions of curing
 z - a potion of mutation {unknown}
 B - a potion of degeneration {unknown}
 I - a potion of brilliance {unknown}
 J - a potion of magic {unknown}
Comestibles
 d - 12 rations
 F - a chunk of flesh


   Skills:
 + Level 5.4 Fighting
 + Level 4.6 Short Blades
 + Level 4.6 Long Blades
 + Level 4.6 Axes
 + Level 4.6 Maces & Flails
 + Level 4.6 Polearms
 + Level 4.6 Staves
 + Level 4.6 Slings
 + Level 4.6 Bows
 + Level 4.6 Crossbows
 + Level 4.6 Throwing
 + Level 4.6 Armour
 + Level 6.6 Dodging
 + Level 4.6 Stealth
 + Level 4.6 Shields
 + Level 8.1 Unarmed Combat
 + Level 6.9 Spellcasting
 + Level 3.8 Conjurations
 + Level 3.8 Hexes
 + Level 3.8 Charms
 + Level 3.8 Summonings
 + Level 3.8 Necromancy
 + Level 3.8 Translocations
 + Level 5.5 Transmutations
 + Level 3.8 Fire Magic
 + Level 3.8 Ice Magic
 + Level 3.8 Air Magic
 + Level 3.8 Earth Magic
 + Level 3.8 Poison Magic
 + Level 5.1 Invocations
 + Level 4.6 Evocations


You had 6 spell levels left.
You knew the following spells:

 Your Spells              Type           Power        Failure   Level  Hunger
a - Beastly Appendage     Tmut           #####.       1%          1    None
b - Sticks to Snakes      Tmut           #####...     1%          2    None
c - Spider Form           Tmut/Pois      #####.....   1%          3    None
d - Ice Form              Ice/Tmut       #####...     5%          4    ##.....
e - Blade Hands           Tmut           #####.....   12%         5    ####...

Your spell library contained the following spells:

 Spells                   Type           Power        Failure   Level  Hunger


Dungeon Overview and Level Annotations

Branches:
Dungeon (8/15)             Temple (1/1) D:5
   Lair: D:8-11

Altars:
Ashenzari
Cheibriados
Elyvilon
Fedhas
Gozag
Makhleb
Nemelex Xobeh
Okawaru
Qazlal
Ru
Trog
Uskayaw
Vehumet
Wu Jian
Xom
Zin


Innate Abilities, Weirdness & Mutations

Your experience applies equally to all skills.
((You have very sharp teeth.))
Your uncanny sense of smell can sniff out nearby items.


Message History

* * * LOW HITPOINT WARNING * * *
Unknown command.
Casting: Sticks to Snakes (safe; 1% risk of failure)
Confirm with . or Enter, or press ? or * to list all spells.
You create 4 snakes!
You now have 180 arrows.
The shadow imp misses you.
The centaur warrior skeleton barely misses you.
The hellwing hits you but does no damage.
The hellwing hits you.
* * * LOW HITPOINT WARNING * * *
Unknown command.
As you read the scroll labeled KANAIKH AZIANG, it crumbles to dust.
It is a scroll of identify.
c - 2 potions of heal wounds The centaur warrior skeleton hits you.
* * * LOW HITPOINT WARNING * * *
The shadow imp closely misses you.
Your adder bites the hellwing but does no damage.
The centaur warrior skeleton closely misses you.
The hellwing hits you!
You die...

........................#
.).....................##
....................#.##
......................#
.........###......##..#
...........##........##
...............S.....#
..............SS.S#..#
...............4Y##...#
......####....#Z5# .###
........ ..#.##ZZ# #
........#.... #...
......#.#..# ##..
......#.... ...8 ..P.
....8


You could see a hellwing, a shadow imp, a redback zombie, 2 centaur warrior
skeletons and 4 friendly adders.

Vanquished Creatures
  A centaur zombie (D:8)
  Edmund (D:5)
  Duvessa (D:5)
  3 orc warriors
  A phantom (D:6)
  2 ogres
  2 centaurs
  2 bullfrogs
  Blork the orc (D:6)
  A gnoll sergeant (D:7)
  Dowan (D:5)
  A wyvern skeleton (D:8)
  A water moccasin skeleton (D:6)
  A howler monkey (D:5)
  6 wights
  2 crimson imps
  A bullfrog zombie (D:7)
  6 hounds
  A jelly (D:6)
  An orc priest (D:4)
  A gnoll shaman (D:7)
  Ijyb (D:3)
  9 orc wizards
  Natasha (thrice) (D:3)
  5 worker ants
  2 hound skeletons (D:4)
  A worker ant zombie (D:8)
  11 gnolls
  7 adders
  3 shadow imps
  4 oozes
  An adder skeleton (D:7)
  A worm (D:4)
  A dart slug (D:2)
  5 leopard geckos
  19 orcs
  6 bats
  5 giant cockroaches
  7 goblins
  7 hobgoblins
  3 jackals (D:4)
  7 quokkas
  3 ball pythons
  3 frilled lizards
  A jackal skeleton (D:4)
  9 kobolds
  2 leopard gecko skeletons
  9 rats
172 creatures vanquished.

Vanquished Creatures (collateral kills)
  An orc warrior (D:7)
  A centaur (D:7)
  A hound (D:7)
  An adder (D:4)
  4 kobolds (D:7)
8 creatures vanquished.

Grand Total: 180 creatures vanquished

Notes
Turn   | Place    | Note
-------+----------+-------------------------------------------
     0 | D:1      | inmateoo the Gnoll Transmuter began the quest for the Orb.
     0 | D:1      | Reached XP level 1. HP: 17/17 MP: 6/6
   235 | D:1      | Reached XP level 2. HP: 19/23 MP: 7/7
   428 | D:1      | Found a shimmering altar of Xom.
   994 | D:2      | Reached XP level 3. HP: 28/28 MP: 9/9
  1017 | D:2      | Learned a level 2 spell: Sticks to Snakes
  1021 | D:2      | Learned a level 3 spell: Spider Form
  1037 | D:2      | Reached skill level 5 in Spellcasting
  1190 | D:2      | Found a glowing silver altar of Zin.
  1190 | D:2      | Found a radiant altar of Vehumet.
  1193 | D:2      | Reached skill level 1 in Invocations
  1438 | D:3      | Noticed Ijyb
  1453 | D:3      | Killed Ijyb
  1453 | D:3      | Reached skill level 1 in Short Blades
  1453 | D:3      | Reached skill level 1 in Long Blades
  1453 | D:3      | Reached skill level 1 in Axes
  1453 | D:3      | Reached skill level 1 in Maces & Flails
  1453 | D:3      | Reached skill level 1 in Polearms
  1453 | D:3      | Reached skill level 1 in Staves
  1453 | D:3      | Reached skill level 1 in Slings
  1453 | D:3      | Reached skill level 1 in Bows
  1453 | D:3      | Reached skill level 1 in Crossbows
  1453 | D:3      | Reached skill level 1 in Throwing
  1453 | D:3      | Reached skill level 1 in Armour
  1453 | D:3      | Reached skill level 1 in Stealth
  1453 | D:3      | Reached skill level 1 in Shields
  1453 | D:3      | Reached skill level 1 in Evocations
  1453 | D:3      | Reached XP level 4. HP: 23/34 MP: 11/11
  1465 | D:3      | Noticed Natasha
  1469 | D:3      | Killed Natasha
  1469 | D:3      | Reached skill level 1 in Conjurations
  1469 | D:3      | Reached skill level 1 in Hexes
  1469 | D:3      | Reached skill level 1 in Charms
  1469 | D:3      | Reached skill level 1 in Summonings
  1469 | D:3      | Reached skill level 1 in Necromancy
  1469 | D:3      | Reached skill level 1 in Translocations
  1469 | D:3      | Reached skill level 1 in Fire Magic
  1469 | D:3      | Reached skill level 1 in Ice Magic
  1469 | D:3      | Reached skill level 1 in Air Magic
  1469 | D:3      | Reached skill level 1 in Earth Magic
  1469 | D:3      | Reached skill level 1 in Poison Magic
  1575 | D:3      | Noticed Natasha
  1589 | D:3      | Killed Natasha
  1589 | D:3      | Reached XP level 5. HP: 23/40 MP: 8/12
  1613 | D:3      | Noticed Natasha
  1621 | D:3      | Killed Natasha
  2315 | D:4      | Reached XP level 6. HP: 32/47 MP: 13/13
  2496 | D:4      | Reached skill level 5 in Dodging
  2778 | D:4      | Reached XP level 7. HP: 22/52 MP: 11/15
  2913 | D:4      | Reached skill level 7 in Unarmed Combat
  3114 | D:5      | Entered Level 5 of the Dungeon
  3137 | D:5      | Noticed Duvessa
  3137 | D:5      | Noticed Dowan
  3153 | D:5      | Killed Duvessa
  3153 | D:5      | Killed Dowan
  3270 | D:5      | Found a shattered altar of Ashenzari.
  3346 | D:5      | Noticed Edmund
  3368 | D:5      | Killed Edmund
  3403 | D:5      | Learned a level 4 spell: Ice Form
  3410 | D:5      | Got an ichor-stained short sword
  3419 | D:5      | Identified the +5 short sword of Might {antimagic, rPois
                  | rF+ Int-2 Dex+8} (You found it on level 5 of the Dungeon)
  3494 | D:5      | Found a staircase to the Ecumenical Temple.
  3518 | Temple   | Entered the Ecumenical Temple
  3555 | Temple   | Became a worshipper of Cheibriados the Contemplative
  3791 | D:5      | Reached XP level 8. HP: 54/60 MP: 16/16
  4055 | D:3      | Found a stormy altar of Qazlal.
  4141 | D:3      | You fall through a shaft!
  4993 | D:5      | Learned a level 5 spell: Blade Hands
  5426 | D:6      | Reached * piety under Cheibriados
  5686 | D:6      | Reached ** piety under Cheibriados
  5714 | D:6      | Found a bloodstained altar of Trog.
  5813 | D:6      | Got a warped dagger
  5815 | D:6      | Identified the cursed +0 dagger of Pandemonium {elec, MR+
                  | Str+2} (You found it on level 6 of the Dungeon)
  5988 | D:6      | Noticed Blork the orc
  5997 | D:6      | Killed Blork the orc
  6006 | D:6      | Reached XP level 9. HP: 63/66 MP: 15/18
  6016 | D:6      | Reached skill level 5 in Transmutations
  6236 | D:7      | Found an iron altar of Okawaru.
  6494 | D:7      | Found a sacrificial altar of Ru.
  6673 | D:7      | Reached *** piety under Cheibriados
  6738 | D:7      | Reached skill level 5 in Fighting
  7032 | D:8      | Found an ornate altar of the Wu Jian Council.
  7035 | D:8      | Reached skill level 8 in Unarmed Combat
  7125 | D:8      | Reached **** piety under Cheibriados
  7125 | D:8      | Reached skill level 5 in Invocations
  7131 | D:8      | Noticed a hellwing
  7136 | D:8      | Slain by a hellwing

Skill      XL: |  1  2  3  4  5  6  7  8  9 |
---------------+----------------------------+-----
Spellcasting   | 5 6 |  6.9
Invocations    | 1 2 3 4 5 |  5.1
Short Blades   | 1 2 3 4 |  4.6
Long Blades    | 1 2 3 4 |  4.6
Axes           | 1 2 3 4 |  4.6
Maces & Flails | 1 2 3 4 |  4.6
Polearms       | 1 2 3 4 |  4.6
Staves         | 1 2 3 4 |  4.6
Slings         | 1 2 3 4 |  4.6
Bows           | 1 2 3 4 |  4.6
Crossbows      | 1 2 3 4 |  4.6
Throwing       | 1 2 3 4 |  4.6
Armour         | 1 2 3 4 |  4.6
Stealth        | 1 2 3 4 |  4.6
Shields        | 1 2 3 4 |  4.6
Evocations     | 1 2 3 4 |  4.6
Conjurations   | 1 2 3 |  3.8
Hexes          | 1 2 3 |  3.8
Charms         | 1 2 3 |  3.8
Summonings     | 1 2 3 |  3.8
Necromancy     | 1 2 3 |  3.8
Translocations | 1 2 3 |  3.8
Fire Magic     | 1 2 3 |  3.8
Ice Magic      | 1 2 3 |  3.8
Air Magic      | 1 2 3 |  3.8
Earth Magic    | 1 2 3 |  3.8
Poison Magic   | 1 2 3 |  3.8
Fighting       | 3 4 5 |  5.4
Transmutations | 4 5 |  5.5
Dodging        | 5 6 |  6.6
Unarmed Combat | 7 8 |  8.1

Action                   |  1- 3 |  4- 6 |  7- 9 || total
-------------------------+-------+-------+-------++-------
Melee: Unarmed           |   113 |    50 |   126 ||   289
       Bite              |    10 |     2 |    37 ||    49
       Punch             |     2 |     1 |    10 ||    13
       Headbutt          |     1 |       |       ||     1
       Kick              |       |     1 |       ||     1
       Spear             |       |    50 |    24 ||    74
       Mace              |       |       |    96 ||    96
       Dagger            |       |       |    96 ||    96
 Cast: Beastly Appendage |     2 |     2 |       ||     4
       Spider Form       |       |     6 |     7 ||    13
       Sticks to Snakes  |       |     3 |    15 ||    18
       Ice Form          |       |       |     4 ||     4
       Blade Hands       |       |       |     1 ||     1
 Abil: End Transformatio |       |       |     2 ||     2
Evoke: Wand              |       |     1 |       ||     1
  Use: Scroll            |       |       |     1 ||     1
 Stab: Sleeping          |     5 |     1 |    11 ||    17
       Distracted        |       |       |     1 ||     1
  Eat: Chunk             |     2 |     4 |    14 ||    20
Armor: Robe              |    24 |     5 |    32 ||    61
       Skin              |       |     1 |    12 ||    13
Dodge: Dodged            |    85 |    62 |   332 ||   479
